General information
- name: BNet
- type: Ladder team game (AT/RT)
- host: Battle.net
- saver: sc2sucksnow
map: Slalom
- players: 8
- length: 33:36
- speed: Fast
- version: 1.24 W3XP
- replay type: Public
» download(174 KB)
Players
team 1 (winner)

»
BenBenKhan (
orange | 78 APM | 2619 actions | 33:36)
6 Archmage
3 Summon Water Elemental
1 Brilliance Aura
1 Blizzard
1 Mass Teleport
4 Mountain King
2 Storm Bolt
2 Thunder Clap
» actions
| Assign group hotkey | 48 | |
| Basic commands | 138 | |
| Build / train | 97 | |
| Enter build submenu | 50 | |
| Enter hero's abilities submenu | 10 | |
| Remove unit from queue | 4 | |
| Right click | 913 | |
| Select / deselect | 490 | |
| Select group hotkey | 750 | |
| Use ability | 119 | |
2619 total
» units
| Peasant | 19 | |
| Rifleman | 8 | |
| Priest | 2 | |
| Sorceress | 2 | |
| Mortar Team | 3 | |
| Siege Engine | 3 | |
| Gryphon Rider | 4 | |
| Dragonhawk Rider | 1 | |
42 total
» upgrades
| Armor | 3 | |
| Gunpowder | 2 | |
| Lumber Harvesting | 2 | |
| Plating | 3 | |
| Barrage | 1 | |
| Masonry | 2 | |
| Priest Training | 2 | |
| Sorceress Training | 2 | |
| Long Rifles | 1 | |
| Fragmentation Shards | 1 | |
| Flare | 1 | |
| Magic Sentry | 1 | |
| Control Magic | 1 | |
| Backpack | 1 | |
| Animal War Training | 1 | |
| Storm Hammers | 1 | |
| Cloud | 1 | |
| Swords | 1 | |
27 total
» buildings
| Altar of Kings | 1 | |
| Farm | 13 | |
| Blacksmith | 1 | |
| Barracks | 1 | |
| Scout Tower | 19 | |
| Arcane Tower | 1 | |
| Lumber Mill | 1 | |
| Keep | 1 | |
| Town Hall | 4 | |
| Guard Tower | 8 | |
| Castle | 1 | |
| Arcane Sanctum | 1 | |
| Workshop | 2 | |
| Arcane Vault | 1 | |
| Gryphon Aviary | 3 | |
58 total
» build order
00:07 Altar of Kings
00:14 Farm
00:52 Farm
01:08 Blacksmith
01:39 Barracks
01:51 Scout Tower
02:00 Farm
02:22 Arcane Tower
02:26 Lumber Mill
02:31 Farm
03:16 Farm
04:53 Keep
06:05 Town Hall
06:07 Scout Tower
06:10 Scout Tower
06:13 Scout Tower
07:02 Scout Tower
07:05 Scout Tower
07:07 Scout Tower
07:09 Guard Tower
07:20 Castle
07:27 Arcane Sanctum
09:10 Guard Tower
09:38 Guard Tower
09:45 Workshop
10:07 Workshop
10:14 Farm
11:30 Farm
13:09 Farm
14:03 Farm
14:43 Farm
14:59 Arcane Vault
15:20 Farm
16:57 Farm
17:56 Farm
18:38 Town Hall
21:45 Gryphon Aviary
21:48 Gryphon Aviary
22:47 Scout Tower
22:49 Scout Tower
22:51 Scout Tower
22:53 Scout Tower
22:55 Scout Tower
23:17 Gryphon Aviary
23:57 Guard Tower
24:07 Town Hall
26:38 Scout Tower
27:16 Scout Tower
27:18 Scout Tower
27:22 Scout Tower
27:24 Scout Tower
27:49 Scout Tower
27:50 Guard Tower
27:52 Guard Tower
27:56 Guard Tower
28:02 Scout Tower
28:34 Guard Tower
28:45 Town Hall
» items
jollyfromEurope (
pink | 30 APM | 1009 actions | 33:36)
9 Crypt Lord
3 Spiked Carapace
3 Carrion Beetles
2 Impale
1 Locust Swarm
» actions
| Assign group hotkey | 1 | |
| Basic commands | 1 | |
| Build / train | 65 | |
| Enter build submenu | 27 | |
| Enter hero's abilities submenu | 6 | |
| Right click | 573 | |
| Select / deselect | 304 | |
| Use ability | 32 | |
1009 total
» units
| Acolyte | 10 | |
| Ghoul | 6 | |
| Crypt Fiend | 8 | |
| Obsidian Statue | 2 | |
| Frost Wyrm | 16 | |
42 total
» upgrades
| Creature Attack | 3 | |
| Creature Carapace | 3 | |
| Web | 1 | |
| Freezing Breath | 1 | |
8 total
» buildings
| Ziggurat | 9 | |
| Crypt | 2 | |
| Altar of Darkness | 1 | |
| Graveyard | 2 | |
| Halls of the Dead | 1 | |
| Tomb of Relics | 1 | |
| Necropolis | 1 | |
| Slaughterhouse | 1 | |
| Sacrificial Pit | 1 | |
| Black Citadel | 1 | |
| Boneyard | 2 | |
22 total
» build order
00:11 Ziggurat
00:16 Crypt
00:44 Ziggurat
01:08 Altar of Darkness
01:46 Crypt
02:44 Graveyard
03:03 Ziggurat
05:15 Halls of the Dead
05:33 Tomb of Relics
05:47 Ziggurat
06:09 Ziggurat
06:23 Necropolis
06:43 Graveyard
07:38 Slaughterhouse
07:44 Sacrificial Pit
07:54 Ziggurat
08:49 Black Citadel
12:11 Boneyard
12:16 Ziggurat
12:19 Ziggurat
12:23 Ziggurat
12:27 Boneyard
» items
| Scroll of Town Portal | 1 | |
| Orb of Corruption | 1 | |
2 total
ramy353 (
green | 36 APM | 1165 actions | 32:02)
8 Blademaster
3 Wind Walk
3 Critical Strike
1 Bladestorm
1 Mirror Image
» actions
| Basic commands | 14 | |
| Build / train | 54 | |
| Enter build submenu | 23 | |
| Enter hero's abilities submenu | 9 | |
| Remove unit from queue | 3 | |
| Right click | 809 | |
| Select / deselect | 229 | |
| Use ability | 23 | |
1165 total
» units
| Peon | 9 | |
| Grunt | 6 | |
| Troll Headhunter/Berserker | 5 | |
| Raider | 5 | |
| Nerubian Webspinner | 1 | |
| Nerubian Warrior | 1 | |
| Ice Troll Berserker | 1 | |
| Kodo Beast | 1 | |
29 total
» upgrades
| Melee Weapons | 2 | |
| Ranged Weapons | 2 | |
| Berserker Strength | 1 | |
| Ensnare | 1 | |
| Berserker Upgrade | 1 | |
| Liquid Fire | 1 | |
| War Drums Damage Increase | 1 | |
| Pillage | 1 | |
| Backpack | 1 | |
11 total
» buildings
| War Mill | 1 | |
| Orc Burrow | 8 | |
| Altar of Storms | 1 | |
| Barracks | 2 | |
| Stronghold | 1 | |
| Voodoo Lounge | 1 | |
| Beastiary | 2 | |
| Fortress | 1 | |
17 total
» build order
01:10 War Mill
01:58 Orc Burrow
02:57 Altar of Storms
03:21 Orc Burrow
03:36 Barracks
04:14 Orc Burrow
04:23 Barracks
04:51 Stronghold
04:59 Voodoo Lounge
05:17 Orc Burrow
07:25 Beastiary
07:32 Beastiary
09:58 Fortress
10:25 Orc Burrow
10:32 Orc Burrow
15:45 Orc Burrow
15:49 Orc Burrow

»
GTFOQUEERBAGSSS (
yellow | 2 APM | 67 actions | 33:36)
» actions
| Right click | 12 | |
| Select / deselect | 45 | |
| Use ability | 10 | |
67 total
team 2 (loser)

»
Yaotl (
purple | 0 APM | 0 actions | 00:07)

»
TickleMePink. (
red | 78 APM | 2598 actions | 33:22)
5 Shadow Hunter
3 Healing Wave
2 Hex
7 Blademaster
3 Wind Walk
3 Critical Strike
1 Bladestorm
» actions
| Assign group hotkey | 3 | |
| Basic commands | 165 | |
| Build / train | 159 | |
| Enter build submenu | 31 | |
| Enter hero's abilities submenu | 12 | |
| Give item / drop item | 6 | |
| Remove unit from queue | 11 | |
| Right click | 1377 | |
| Select / deselect | 670 | |
| Use ability | 162 | |
2598 total
» units
| Peon | 20 | |
| Grunt | 6 | |
| Troll Headhunter/Berserker | 11 | |
| Shaman | 6 | |
| Troll Witch Doctor | 6 | |
| Tauren | 11 | |
| Spirit Walker | 1 | |
61 total
» upgrades
| Armor | 3 | |
| Melee Weapons | 3 | |
| Berserker Strength | 1 | |
| Troll Regeneration | 1 | |
| Ranged Weapons | 3 | |
| Shaman Training | 2 | |
| Witch Doctor Training | 2 | |
| Burning Oil | 1 | |
| Berserker Upgrade | 1 | |
| Pulverize | 1 | |
| Spirit Walker Training | 2 | |
20 total
» buildings
| Orc Burrow | 13 | |
| Altar of Storms | 2 | |
| Barracks | 3 | |
| Voodoo Lounge | 2 | |
| War Mill | 2 | |
| Stronghold | 4 | |
| Fortress | 5 | |
| Spirit Lodge | 2 | |
| Tauren Totem | 2 | |
35 total
» build order
00:27 Orc Burrow
00:33 Orc Burrow
00:40 Altar of Storms
00:48 Altar of Storms
00:57 Barracks
01:23 Barracks
01:31 Voodoo Lounge
01:49 Orc Burrow
01:57 Voodoo Lounge
02:40 Orc Burrow
02:48 Orc Burrow
03:03 War Mill
03:44 Orc Burrow
03:45 Stronghold
03:45 Stronghold
04:19 Stronghold
04:19 Stronghold
05:25 War Mill
05:30 Barracks
06:56 Fortress
06:56 Fortress
06:59 Spirit Lodge
07:02 Fortress
07:02 Fortress
07:06 Spirit Lodge
07:11 Orc Burrow
08:45 Orc Burrow
10:04 Tauren Totem
10:05 Tauren Totem
10:08 Orc Burrow
10:22 Orc Burrow
11:52 Orc Burrow
13:17 Orc Burrow
15:25 Orc Burrow
» items
| Healing Salve | 2 | |
| Lesser Clarity Potion | 5 | |
| Potion of Healing | 7 | |
| Orb of Lightning | 2 | |
| Scroll of Town Portal | 2 | |
| Orb of Fire | 1 | |
| Scroll of Speed | 1 | |
20 total
sc2sucksnow (
teal | 42 APM | 1395 actions | 33:36)
4 Warden
2 Shadow Strike
2 Blink
» actions
| Assign group hotkey | 12 | |
| Basic commands | 12 | |
| Build / train | 106 | |
| Enter build submenu | 54 | |
| Enter hero's abilities submenu | 4 | |
| Give item / drop item | 4 | |
| Remove unit from queue | 1 | |
| Right click | 619 | |
| Select / deselect | 164 | |
| Select group hotkey | 333 | |
| Use ability | 86 | |
1395 total
» units
» upgrades
» buildings
| Moon Well | 2 | |
| Altar of Elders | 1 | |
| Hunter's Hall | 1 | |
| Ancient Protector | 45 | |
| Tree of Ages | 2 | |
51 total
» build order
00:10 Moon Well
00:29 Altar of Elders
01:18 Hunter's Hall
01:47 Moon Well
03:31 Ancient Protector
03:34 Ancient Protector
03:38 Ancient Protector
03:50 Ancient Protector
03:52 Ancient Protector
04:15 Ancient Protector
04:39 Ancient Protector
04:41 Ancient Protector
05:21 Ancient Protector
05:24 Ancient Protector
05:29 Ancient Protector
06:57 Ancient Protector
06:59 Ancient Protector
07:05 Ancient Protector
07:26 Ancient Protector
07:32 Ancient Protector
07:57 Ancient Protector
08:31 Ancient Protector
08:33 Ancient Protector
08:41 Ancient Protector
08:57 Ancient Protector
09:21 Ancient Protector
10:03 Ancient Protector
10:45 Ancient Protector
10:52 Ancient Protector
10:55 Ancient Protector
12:01 Ancient Protector
12:20 Ancient Protector
12:24 Ancient Protector
12:26 Ancient Protector
12:42 Tree of Ages
12:42 Tree of Ages
12:48 Ancient Protector
13:02 Ancient Protector
13:28 Ancient Protector
16:15 Ancient Protector
16:55 Ancient Protector
16:57 Ancient Protector
17:01 Ancient Protector
17:11 Ancient Protector
17:26 Ancient Protector
17:42 Ancient Protector
18:34 Ancient Protector
18:34 Ancient Protector
18:35 Ancient Protector
18:55 Ancient Protector
19:10 Ancient Protector
» items
| Healing Salve | 1 | |
| Staff of Teleportation | 1 | |
2 total
Mahney (
blue | 38 APM | 839 actions | 21:56)
3 Blood Mage
2 Flame Strike
1 Siphon Mana
3 Archmage
2 Blizzard
1 Brilliance Aura
» actions
| Assign group hotkey | 10 | |
| Basic commands | 4 | |
| Build / train | 71 | |
| Enter build submenu | 26 | |
| Enter hero's abilities submenu | 6 | |
| Give item / drop item | 4 | |
| Right click | 192 | |
| Select / deselect | 166 | |
| Select group hotkey | 304 | |
| Use ability | 56 | |
839 total
» units
| Peasant | 12 | |
| Rifleman | 5 | |
| Flying Machine | 14 | |
31 total
» upgrades
| Masonry | 2 | |
| Gunpowder | 3 | |
| Lumber Harvesting | 2 | |
| Armor | 2 | |
| Plating | 2 | |
| Flak Cannons | 1 | |
| Flying Machine Bombs | 1 | |
| Long Rifles | 1 | |
14 total
» buildings
| Altar of Kings | 1 | |
| Farm | 13 | |
| Lumber Mill | 2 | |
| Blacksmith | 1 | |
| Keep | 1 | |
| Barracks | 2 | |
| Arcane Vault | 1 | |
| Castle | 1 | |
| Town Hall | 1 | |
| Workshop | 2 | |
25 total
» build order
00:12 Altar of Kings
00:26 Farm
01:03 Farm
01:41 Farm
02:26 Farm
02:45 Lumber Mill
03:15 Blacksmith
03:19 Keep
04:43 Barracks
05:33 Farm
05:52 Barracks
06:57 Farm
07:22 Lumber Mill
08:14 Farm
09:22 Arcane Vault
09:31 Castle
10:35 Farm
11:39 Farm
12:22 Farm
13:05 Town Hall
13:15 Workshop
14:47 Workshop
15:57 Farm
17:42 Farm
18:23 Farm
» items
| Boots of Speed | 2 | |
| Potion of Lesser Invulnerability | 2 | |
| Scroll of Healing | 2 | |
| Scroll of Regeneration | 4 | |
| Potion of Healing | 4 | |
| Orb of Lightning | 1 | |
| Scroll of Town Portal | 1 | |
16 total
Chat log
(00:19 / Allies) TickleMePink.: i go thim
(00:21 / Allies) Mahney: wtf is with all the niggers today
(08:00 / Allies) TickleMePink.: wtf
(08:04 / Allies) TickleMePink.: i need to get out to creep
(08:06 / Allies) TickleMePink.: dont block
(08:10 / Allies) sc2sucksnow: go top
(08:35 / Allies) TickleMePink.: ur dumb ><
(08:46 / Allies) sc2sucksnow: my mom said same thing
(09:43 / All) GTFOQUEERBAGSSS: PINK CL
(09:48 / All) GTFOQUEERBAGSSS: IS MASSIN FIENDS
(09:57 / All) GTFOQUEERBAGSSS: IS STILL LEVEL 1
(10:18 / All) GTFOQUEERBAGSSS: IS SENDING A SHADE
(10:27 / All) GTFOQUEERBAGSSS: TO YOUR BASE
(10:38 / All) sc2sucksnow: this is 4v4rt, we could have maphack and still get completley the wrong units
(11:00 / All) GTFOQUEERBAGSSS: WE SEE YOUR TOWER TEAL
(11:25 / All) GTFOQUEERBAGSSS: YOU BLOCK BOTTOM WITH NE TOWER
(11:58 / All) GTFOQUEERBAGSSS: MANHEY
(12:02 / All) GTFOQUEERBAGSSS: JUST GOT CASTLE
(12:13 / All) TickleMePink.: save replay gg
(12:29 / All) GTFOQUEERBAGSSS: NO ROOM FOR A CRAPPY REPLAY LIKE THIS
(12:42 / All) GTFOQUEERBAGSSS: ALL MY REPLAY ARE 3 LEVEL 10 HERO
(13:17 / All) GTFOQUEERBAGSSS: GREEN HOMOSEXUAL
(13:24 / All) GTFOQUEERBAGSSS: IS STILL MASSIN GRUNTS
(14:06 / Allies) TickleMePink.: STOP BLOCKING
(14:08 / Allies) TickleMePink.: U WONT LET MY UNITS TO ME
(14:09 / All) GTFOQUEERBAGSSS: THEY REALLY BLOW
(14:16 / All) sc2sucksnow: so do we lalw
(14:19 / Allies) TickleMePink.: up tower now
(14:19 / All) GTFOQUEERBAGSSS: RED TEAM WILL WIN EASILY
(14:21 / Allies) TickleMePink.: teal
(14:21 / Allies) TickleMePink.: UP
(14:24 / Allies) Mahney: stop following teal
(14:28 / All) GTFOQUEERBAGSSS: NOT AS MUCH AS THEM MAN
(14:32 / Allies) Mahney: stop
(14:34 / All) GTFOQUEERBAGSSS: YOU SHOULD SEE THAT
(15:29 / All) GTFOQUEERBAGSSS: SEE
(15:35 / All) GTFOQUEERBAGSSS: THEY DINT EVEN CREEP THTA
(15:42 / Allies) Mahney: teal do that again, i'll kill you myself
(16:15 / All) GTFOQUEERBAGSSS: PINK GONNA TICLE YOU
(16:36 / All) GTFOQUEERBAGSSS: CMON
(16:41 / Allies) TickleMePink.: stop
(16:43 / Allies) TickleMePink.: MOLTHER FUCKER
(16:45 / All) GTFOQUEERBAGSSS: YOU CANT LOSE VS 3 TOTAL LOSERS
(16:46 / Allies) TickleMePink.: STOPTOUCHIONG TUREN
(16:49 / Allies) TickleMePink.: U IDOIT
(16:50 / All) GTFOQUEERBAGSSS: LMAO IF YOU DO
(17:10 / Allies) TickleMePink.: DONT FUCKING TOUCH ORC
(17:11 / Allies) TickleMePink.: TELA
(17:14 / Allies) TickleMePink.: UR PISSIN ME OFF
(17:22 / All) GTFOQUEERBAGSSS: GREEN STILL MASSIN GRUNT
(17:27 / All) GTFOQUEERBAGSSS: AS WE SPEAK
(17:46 / All) GTFOQUEERBAGSSS: WHO STILL MAKE GRUNT IN 2011
(17:48 / All) GTFOQUEERBAGSSS: ???
(18:19 / All) GTFOQUEERBAGSSS: EVERYONE KNOW HH AND CASTER ARE THE REAL ORC UNIT
(18:20 / Allies) TickleMePink.: Ready blue?
(19:03 / All) GTFOQUEERBAGSSS: ROFL
(19:07 / All) GTFOQUEERBAGSSS: ONLY BLUE EXPO
(19:13 / All) GTFOQUEERBAGSSS: AS BAD AS MY TEAM LOL
(19:23 / All) GTFOQUEERBAGSSS: FLANK
(19:25 / All) GTFOQUEERBAGSSS: NICE
(19:31 / All) GTFOQUEERBAGSSS: YOU FLANK MY TEAM
(19:45 / All) GTFOQUEERBAGSSS: GOOD GOOD
(20:03 / All) GTFOQUEERBAGSSS: LIKE I SAID YOU CANT LOSE VS 3 TOTAL LOSER
(20:08 / All) GTFOQUEERBAGSSS: AT LEAST YOU WON
(20:38 / Allies) TickleMePink.: go fuck yourself teal
(20:57 / All) GTFOQUEERBAGSSS: LOL TEAL
(21:07 / All) TickleMePink.: teal is suiciding purps units to
(21:12 / All) TickleMePink.: notice them run aroudn in circles?
(21:16 / All) TickleMePink.: he is a fuckin retard
(21:16 / All) GTFOQUEERBAGSSS: YEAH
(21:25 / All) GTFOQUEERBAGSSS: TEAL MOSTLY RESPONSIBLE
(21:31 / All) GTFOQUEERBAGSSS: FOR YOUR TEAM DEFEAT
(21:37 / All) TickleMePink.: yeah
(21:42 / All) TickleMePink.: he is worse tha nleaver
(21:48 / All) Mahney: fuck
(21:49 / All) GTFOQUEERBAGSSS: YOU DONT TOWER THERE ON THIS MAP
(21:52 / All) Mahney: teal is a nigger tk
(22:11 / All) GTFOQUEERBAGSSS: YOU TOWER IN THE MIDDLE OF THE MAP
(22:20 / All) GTFOQUEERBAGSSS: SO YOU CONTROL 5 EXPO
(22:36 / All) sc2sucksnow: yellow i have played thousands of 4v4rt games i know what im doing
(22:40 / All) GTFOQUEERBAGSSS: PLUS NE TOWER BLOW
(22:52 / All) GTFOQUEERBAGSSS: TRY HUMAN OR ORC
(23:00 / All) GTFOQUEERBAGSSS: UD TOWER BLOW TOO
(23:25 / All) TickleMePink.: omfg
(23:30 / All) GTFOQUEERBAGSSS: WHY YOU TOWER THERE THEN TEAL??
(23:32 / All) TickleMePink.: he is an idiot..
(23:47 / All) GTFOQUEERBAGSSS: EVERY PRO TOWER MIDLE
(23:51 / All) GTFOQUEERBAGSSS: WITH HUMAN MOSTLY
(23:57 / All) GTFOQUEERBAGSSS: 3 UPGRADE ON TOWER
(24:07 / All) sc2sucksnow: i am kodos_forsaken's brother, the best ever 4v4rt player along with drayen
(24:21 / All) GTFOQUEERBAGSSS: WELL YOUR NOT HIM
(24:25 / All) GTFOQUEERBAGSSS: YOUR IS BROTHER
(24:30 / All) sc2sucksnow: its in my DNA
(24:49 / All) GTFOQUEERBAGSSS: KODOS WOULD NOT FAIL LIKE THAT
(24:53 / All) GTFOQUEERBAGSSS: SORRY
(24:56 / All) GTFOQUEERBAGSSS: I KNOW HIM
(25:14 / All) sc2sucksnow: im his brother u jackass if you know him i know you most likely
(25:33 / All) GTFOQUEERBAGSSS: OK WELL
(25:40 / All) GTFOQUEERBAGSSS: IM GONNA PROFILE YOU AFTER GAME TEAL
(25:45 / All) GTFOQUEERBAGSSS: SEE IF YOUR SO GOOD
(26:37 / All) GTFOQUEERBAGSSS: PLUS I THINK KODOS ONLY GOOD IN WAR3
(26:47 / All) GTFOQUEERBAGSSS: NEVER SAW HIM PLAY OTHER GAME
(26:52 / All) GTFOQUEERBAGSSS: HE PLAY WAR 3 TO MUCH
(27:11 / All) GTFOQUEERBAGSSS: SO MUCH OTHER GOOD GAME OUT THERE
(27:27 / All) GTFOQUEERBAGSSS: I BET I WOULD KICK KODODS ASS AT NINJA GAIDEN
(27:30 / All) GTFOQUEERBAGSSS: HAND DOWN
(27:33 / All) GTFOQUEERBAGSSS: I CHALLENGE HIM
(27:35 / All) GTFOQUEERBAGSSS: IN FACT
(27:38 / All) GTFOQUEERBAGSSS: FIRST ONE
(27:47 / All) GTFOQUEERBAGSSS: NEVER GOT HIT ONCE
(27:48 / All) sc2sucksnow: ninja gaiden 2 hardest diff is crazy
(27:53 / All) GTFOQUEERBAGSSS: HE WOULD NOT DO THAT
(28:02 / All) GTFOQUEERBAGSSS: FIRST ONE IS WAY HARDER
(28:04 / All) sc2sucksnow: u ever play darksiders?
(28:17 / All) GTFOQUEERBAGSSS: IU PLAY ALL OF THEM
(28:48 / All) sc2sucksnow: ninja gaiden 1 was a stealth game from what i remember, part 2 was a hack n slash hard ass game
(28:57 / All) GTFOQUEERBAGSSS: NAH
(29:02 / All) GTFOQUEERBAGSSS: GO TRY IT
(29:08 / All) GTFOQUEERBAGSSS: YOUL SEE WHAT I MEAN'
(29:12 / All) sc2sucksnow: its original xbox
(29:17 / All) GTFOQUEERBAGSSS: SECOND ONE GOT THE BIG INTRO
(29:29 / All) GTFOQUEERBAGSSS: XBOX GAME ARE EASY
(29:35 / All) GTFOQUEERBAGSSS: IM TALKIN ABOUT HTE NES ONE
(29:55 / All) GTFOQUEERBAGSSS: THE FIRST ONE IS CRAZY
(29:59 / All) GTFOQUEERBAGSSS: ALMSOT IMPOSSIBLE
(30:05 / All) GTFOQUEERBAGSSS: ONE OF THE HARDEST GAME EVER
(30:11 / All) GTFOQUEERBAGSSS: OR TRY ABADDOX
(30:20 / All) GTFOQUEERBAGSSS: NEVER GOT HIT ONCE
(30:26 / All) GTFOQUEERBAGSSS: ONE THE HARDEST GAME EVER MADE
(30:32 / All) GTFOQUEERBAGSSS: SIDE SCROLLER
(30:36 / All) GTFOQUEERBAGSSS: SPACE ONE
(31:10 / All) GTFOQUEERBAGSSS: I DID THE FIRST ZELDA IN 22 MINUTE 31 SECOND
(31:19 / All) GTFOQUEERBAGSSS: ALL PALACE
(31:20 / All) sc2sucksnow: oscarina of time was legendary
(31:31 / All) GTFOQUEERBAGSSS: TRUE
(31:48 / All) GTFOQUEERBAGSSS: FINAL FANTASY 1 SOLO BLACKBELT
(31:53 / All) GTFOQUEERBAGSSS: THAT NOT EASY
(31:58 / All) GTFOQUEERBAGSSS: KILL THE 3 OTHER ST START
(32:06 / All) BenBenKhan: noobs
(32:07 / All) sc2sucksnow: lawl
(32:11 / All) GTFOQUEERBAGSSS: FINAL 4 SOLO RIDYA
(32:28 / All) sc2sucksnow: ff7!
(32:49 / All) GTFOQUEERBAGSSS: DONT REALLY 7 IT GOOD BUT MEH
(32:57 / All) BenBenKhan: noob
(33:07 / All) GTFOQUEERBAGSSS: NOT MINE GENERATION
(33:15 / All) GTFOQUEERBAGSSS: DONT LIKE CLOUD
(33:18 / All) GTFOQUEERBAGSSS: OR BARRET
(33:24 / All) GTFOQUEERBAGSSS: RED 13 I LIKE
(33:28 / All) GTFOQUEERBAGSSS: AND THE CAT GUY TOO